 Dungeon Crawl Stone Soup version 0.29.1-4-g47bece8355 (webtiles) character file.

Game seed: 18292178132722388430

182 fantasyman the Cudgeller (level 6, -8/42 (52) HPs)
             Began as a Meteoran Cinder Acolyte on Dec 3, 2022.
             Was a High Priest of Ignis.
             Mangled by a mummy (18 damage)
             ... in an ossuary.
             The game lasted 00:06:03 (1723 turns).

fantasyman the Cudgeller (Meteoran Cinder Acolyte)  Turns: 1723, Time: 00:06:04

HP:   -8/42 (52)    AC:  2    Str: 18    XL:     6   Next: 16%
MP:   8/10          EV: 11    Int: 15    God:    Ignis [*****.]
Gold: 126           SH:  0    Dex: 10    Spells: 8/10 levels left

rFire   + . .      SeeInvis .   a - +0 mace (flame)
rCold   . . .      Faith    .   (no shield)
rNeg    . . .      Spirit   .   b - +0 robe
rPois   .          Reflect  .   (no helmet)
rElec   .          Harm     .   (no cloak)
rCorr   .          Rampage  .   (no gloves)
Will    .....                   (no boots)
Stlth   +.........              (no amulet)
HPRegen 0.14/turn               (no ring)
MPRegen 0.12/turn               (no ring)

@: weak-willed, glowing, heavily drained
A: sense surroundings 1, otherworldly, glowing, explore regen
a: Renounce Religion, Fiery Armour, Foxfire Swarm, Rising Flame


You were in an ossuary.
You worshipped Ignis.
Ignis was extremely pleased with you.
You visited 1 branch of the dungeon, and saw 4 of its levels.
You also visited: Ossuary.

You collected 126 gold pieces.

Inventory:

Hand Weapons
 a - a +0 mace of flaming (weapon)
Armour
 b - a +0 robe (worn)
Scrolls
 d - a scroll of enchant weapon
 g - 2 scrolls of immolation
 j - 2 scrolls of blinking {unknown}
 l - a scroll of fog {unknown}
 m - 2 scrolls of teleportation {unknown}
 n - a scroll of magic mapping {unknown}
 o - a scroll of fear {unknown}
Potions
 f - 2 potions of flight {unknown}
 h - 5 potions of degeneration
 i - 2 potions of brilliance {unknown}
 k - 2 potions of attraction {unknown}


   Skills:
 * Level 4.2 Fighting
 * Level 4.7 Maces & Flails
 * Level 2.5 Armour
 * Level 1.3 Dodging
 * Level 2.5 Spellcasting
 * Level 4.7 Fire Magic


You had 8 spell levels left.
You knew the following spells:

 Your Spells              Type           Power      Damage    Failure   Level
a - Scorch                Fire           32%        2d6       4%          2

Your spell library contained the following spells:

 Spells                   Type           Power      Damage    Failure   Level
 Sublimation of Blood     Necr           1%         N/A       32%         2
 Wereblood                Tmut           1%         N/A       32%         2
 Summon Hydra             Summ           0%         N/A       100%        7


Dungeon Overview and Level Annotations

Branches:
Dungeon (4/15) Zot: 911   Ossuary (1/1) Zot: 509
 Temple: D:4-7

Altars:
Hepliaklqana


Innate Abilities, Weirdness & Mutations

You passively map a small area around you.
You are easily found by Zot.
You glow in the dark.
You regain HP and MP as you explore.


Message History

No target in view!
A mummy comes into view.
A mummy is nearby!
A mummy comes into view.
There is an open door here.
The mummy closely misses you.
You hit the mummy but do no damage. The mummy hits you!!
* * * LOW HITPOINT WARNING * * *
The mummy hits you but does no damage.
You are too injured to fight recklessly!
You are too injured to fight recklessly!
You are too injured to fight recklessly!
There is an open door here.
There is an open door here.
As you read the scroll labelled XUORYI XAREDD, it crumbles to dust.
Magic quickly surges around you.
It was a scroll of vulnerability.
You are confused.
You feel invigorated. The mummy closely misses you.
The mummy barely misses you.
You closely miss the mummy.
You feel less invigorated.
You feel less confused.
You hit the mummy but do no damage. The mummy hits you!
You hit the mummy. You burn the mummy.
The mummy is lightly damaged.
The mummy hits you!
* * * LOW HITPOINT WARNING * * *
You hit the mummy but do no damage.
The mummy is lightly damaged.
You barely miss the mummy.
The mummy is lightly damaged.
The mummy barely misses you.
You are too injured to fight recklessly!
You are too injured to fight recklessly!
Casting: Scorch (safe; 4% risk of failure)
Confirm with . or Enter, or press ? or * to list all spells.
Flames lash the mummy.
The mummy is burned terribly!
The mummy is severely damaged.
The mummy's fire resistance burns away.
The mummy hits you!!
You die...

* * #...# * ****
#...# #^ ##.##
###'### #.###
##.....## ##.'.#
##.......###..###
^#.........#...'.#
+....⌠....'...###
#.........#..MM@#
##.......###..###
##.....## ##.+
###'### #.# #.#
*#.# ##.## ...
#.∩.# ..^ #.∩.#
#### #####


You could see 2 mummies.

Vanquished Creatures
  A human zombie (Ossuary)
  Jessica (D:2)
  A mummy (Ossuary)
  Robin (D:2)
  4 adders
  2 dart slugs (D:1)
  An orc (D:2)
  3 ball pythons
  5 bats
  2 endoplasms
  2 giant cockroaches (D:1)
  4 hobgoblins
  4 jackals
  6 quokkas
  4 frilled lizards
  12 goblins
  A goblin zombie (Ossuary)
  4 kobolds
  A kobold zombie (Ossuary)
  6 rats
65 creatures vanquished.

Vanquished Creatures (others)
  16 foxfires (D:1)
  14 plants
30 creatures vanquished.

Grand Total: 95 creatures vanquished

Notes
Turn   | Place    | Note
-------+----------+-------------------------------------------
     0 | D:1      | fantasyman the Meteoran Cinder Acolyte began the quest for
                  | the Orb.
     0 | D:1      | Reached XP level 1. HP: 19/19 MP: 3/3
    89 | D:1      | Reached XP level 2. HP: 23/26 MP: 5/5
   167 | D:1      | Learned a level 2 spell: Scorch
   191 | D:1      | Reached XP level 3. HP: 29/31 MP: 6/6
   490 | D:1      | Glimpsed the power of Zot.
   585 | D:2      | Reached XP level 4. HP: 40/40 MP: 7/7
   656 | D:2      | Reached skill level 1 in Dodging
  1023 | D:2      | Noticed Jessica
  1030 | D:2      | Killed Jessica
  1031 | D:2      | Reached XP level 5. HP: 44/46 MP: 6/9
  1060 | D:2      | Glimpsed the power of Zot.
  1110 | D:2      | Glimpsed the power of Zot.
  1134 | D:2      | Noticed Robin
  1147 | D:2      | Glimpsed the power of Zot.
  1154 | D:2      | Killed Robin
  1156 | D:2      | Touched by the power of Zot.
  1391 | D:3      | Found a hazy altar of Hepliaklqana.
  1628 | D:4      | Found a sand-covered staircase.
  1637 | Ossuary  | Entered an ossuary
  1688 | Ossuary  | Reached XP level 6. HP: 23/42 MP: 1/10
  1723 | Ossuary  | Mangled by a mummy

Illustrated notes

Levels and vault maps discovered:
D:1:      spicycebolla_arrival_ecumenical, layout_basic
D:2:      layout_basic, serial_bayou, serial_bayou_lagoon_b,
          serial_bayou_pond_e, serial_bayou_pond_a, serial_bayou_ford_a,
          uniq_jessica, uniq_robin
D:3:      layout_rooms, nicolae_overflow_hidden_temple,
          minmay_fractal_squares_gapless_5
D:4:      layout_cave_pods, pdpol_temple_overflow_zin_treasury_gozag_greed,
          nicolae_kikubaaqudgha_miasma_corner, enter_ossuary_3, serial_park,
          serial_park_square3 [serial_park_minivault_5x5_5], serial_park_square1
          [serial_park_minivault_5x5_7], serial_park_tiny_2,
          kennysheep_small_square
Ossuary:  ossuary_crypta

Skill      XL: |  1  2  3  4 |
---------------+-------------+-----
Fighting       | 4 |  4.2
Spellcasting   | 2 |  2.5
Dodging        | 1 |  1.3
Fire Magic     | 4 |  4.7
Armour         | 2 |  2.5
Maces & Flails | |  4.7

Action                   |  1- 3 |  4- 6 || total
-------------------------+-------+-------++-------
Melee: Mace              |    54 |    80 ||   134
       Punch             |     1 |       ||     1
 Cast: Scorch            |     3 |    25 ||    28
Invok: Foxfire Swarm     |     1 |       ||     1
  Use: Scroll            |       |     5 ||     5
       Potion            |       |     1 ||     1
Armor: Robe              |    14 |    32 ||    46
Dodge: Dodged            |    37 |    69 ||   106
